 Dungeon Crawl Stone Soup version 0.26-b1-32-g5d43845318 (webtiles) character file.

Game seed: 15729058737788964398

289 MisterFreud the Digger (level 6, -1/36 HPs)
             Began as an Octopode Earth Elementalist on Jan 11, 2021.
             Succumbed to a scorpion's poison
             ... on level 3 of the Dungeon.
             The game lasted 00:03:51 (2651 turns).

MisterFreud the Digger (OpEE)                       Turns: 2651, Time: 00:03:52

Health: -1/36      AC:  1    Str:  7    XL:     6   Next: 31%
Magic:  8/10       EV: 13    Int: 19    God:
Gold:   197        SH:  5    Dex: 13    Spells: 7/11 levels left

rFire    . . .     SeeInvis .   c - +0 short sword
rCold    . . .     Faith    .   (no shield)
rNeg     . . .     Spirit   .   (helmet restricted)
rPois    .         Reflect  +   m - amulet of reflection (curse)
rElec    .         Harm     .   (no ring)
rCorr    .         Rampage  .   (no ring)
Will     .....                  (no ring)
Stlth    +++.......             (no ring)
HPRegen  0.12/turn              (no ring)
MPRegen  0.12/turn              (no ring)
                                (no ring)
                                (no ring)

@: lethally poisoned (-1 -> -11), berserk cooldown, flying, very slightly
contaminated, slowed, invisible, very slow
A: almost no armour, stealthy swim, amphibious, 8 rings, constrict 8, camouflage
1, gelatinous body 1
a: no special abilities


You were on level 3 of the Dungeon.
You visited 1 branch of the dungeon, and saw 4 of its levels.

You collected 197 gold pieces.

Inventory:

Hand Weapons
 c - a +0 short sword (weapon)
 o - a +4 quarterstaff of chaos
Missiles
 b - 36 stones (quivered)
 p - 4 javelins
Armour
 q - a +2 tower shield
Jewellery
 d - an uncursed amulet of regeneration
 m - a cursed amulet of reflection (around mantle)
Scrolls
 a - 3 scrolls of remove curse {unknown}
 e - a scroll of immolation {unknown}
 f - a scroll of amnesia {unknown}
 g - 3 scrolls of identify {unknown}
 i - a scroll of enchant weapon {unknown}
 j - a scroll of enchant armour {unknown}
 k - 3 scrolls of magic mapping {unknown}
 n - a scroll of fear {unknown}
Potions
 h - a potion of berserk rage
 s - a potion of brilliance {unknown}


   Skills:
 - Level 2.0 Dodging
 - Level 2.6 Stealth
 + Level 3.0 Spellcasting
 + Level 1.8 Conjurations
 - Level 1.0 Transmutations
 - Level 6.0 Earth Magic


You had 7 spell levels left.
You knew the following spells:

 Your Spells              Type           Power        Failure   Level
a - Sandblast             Erth           50%          1%          1
b - Stone Arrow           Conj/Erth      34%          9%          3

Your spell library contained the following spells:

 Spells                   Type           Power        Failure   Level
 Passwall                 Tmut/Erth      13%          5%          2
 Petrify                  Tmut/Erth      16%          34%         4
 Lee's Rapid Deconstruct  Erth           12%          34%         5


Dungeon Overview and Level Annotations

Branches:
Dungeon (4/15)
 Temple: D:4-7

Altars:
Makhleb


Innate Abilities, Weirdness & Mutations

You cannot wear most types of armour.
You are very stealthy in the water. (Stealth+)
You are amphibious.
You can wear up to eight rings at the same time.
You can use your tentacles to constrict eight enemies at once.
Your skin changes colour to match your surroundings (Stealth+).
Your rubbery body absorbs attacks. (AC +1, EV +1)


Message History

You feel sick.
You feel a strong urge to attack something.
* * * LOW HITPOINT WARNING * * *
You feel sick.
* * * LOW HITPOINT WARNING * * *
You feel sick.
You feel your anger nearly subside.
You are no longer berserk.
You are exhausted.
You feel yourself slow down.
* * * LOW HITPOINT WARNING * * *
You feel sick.
It was a potion of invisibility.
You fade into invisibility!
* * * LOW HITPOINT WARNING * * *
You feel sick.
You are very lightly contaminated with residual magic.
It was a potion of flight.
You feel very buoyant.
You fly up into the air.
You die...

......# #####.#############<#
#.....# #...................#
#.....####.###.#############.#
#..........#.#†#########...#.#
..............>............#.#
#............#......#......#.#
#.####..####.#..#...#......#.#
#.# #..# #.#....######...#.#
#.####..####.#.#@...# #...#.#
#....#....##.#.#....####...#.#
####.##.#.##.#.###.....#...#.#
#....#<...#.#.......#†..#.#
#########.####.#.....###...#.#
...............####....#...#.#
####....#.#.......#....#####.#
.....##.#.#.#.....###.....##.#
#######.#.#.#.#####.......##.#


There were no monsters in sight!

Vanquished Creatures
  A scorpion (D:3)
  A hound (D:3)
  Crazy Yiuf (D:2)
  Jessica (D:2)
  Natasha (thrice) (D:2)
  2 adders
  An ooze (D:3)
  2 worms (D:2)
  3 dart slugs
  An orc (D:3)
  3 ball pythons
  5 giant cockroaches
  5 goblins
  2 hobgoblins
  4 jackals (D:1)
  2 quokkas (D:3)
  6 bats
  7 frilled lizards
  2 kobolds (D:2)
  6 rats
58 creatures vanquished.

Notes
Turn   | Place    | Note
-------+----------+-------------------------------------------
     0 | D:1      | MisterFreud the Octopode Earth Elementalist began the quest
                  | for the Orb.
     0 | D:1      | Reached XP level 1. HP: 11/11 MP: 3/3
   236 | D:1      | Reached XP level 2. HP: 17/17 MP: 5/5
   414 | D:1      | Reached skill level 4 in Earth Magic
   423 | D:1      | Reached XP level 3. HP: 20/21 MP: 6/6
   570 | D:2      | Found a runed translucent door.
   571 | D:2      | Noticed Crazy Yiuf
   755 | D:2      | Noticed Natasha
   762 | D:2      | Killed Natasha
   763 | D:2      | Reached XP level 4. HP: 20/27 MP: 4/7
   855 | D:2      | Noticed Natasha
   857 | D:2      | Reached skill level 5 in Earth Magic
   861 | D:2      | Killed Natasha
  1044 | D:2      | Noticed Natasha
  1051 | D:2      | Killed Natasha
  1052 | D:2      | Reached XP level 5. HP: 17/31 MP: 6/8
  1189 | D:2      | Noticed Jessica
  1198 | D:2      | Killed Jessica
  1474 | D:2      | Killed Crazy Yiuf
  1475 | D:2      | Reached skill level 6 in Earth Magic
  1481 | D:2      | Learned a level 3 spell: Stone Arrow
  2064 | D:3      | Reached skill level 1 in Conjurations
  2064 | D:3      | Reached XP level 6. HP: 23/36 MP: 7/10
  2242 | D:3      | Found a burning altar of Makhleb.
  2650 | D:3      | HP: 1/36 [poisoned by a scorpion]
  2651 | D:3      | Succumbed to a scorpion's poison

Illustrated notes

Levels and vault maps discovered:
D:1:      dpeg_arrival_boxorama, layout_basic
D:2:      layout_loops_ring, hangedman_decor_points, minmay_misc_feat_plants,
          uniq_natasha, uniq_jessica, uniq_crazy_yiuf_cottage
D:3:      layout_basic, lemuel_round_altar, hangedman_decor_push
D:4:      cheibrodos_thug_alley, layout_cave_pods, elyvilon_altar_4,
          nrook_mini_backslash, minivault_4, glass_columns_b, uniq_pikel,
          uniq_grinder

Skill      XL: |  1  2  3  4  5  6 |
---------------+-------------------+-----
Earth Magic    | 4 5 6 |  6.0
Conjurations   | 1 |  1.8
Spellcasting   | 3 |  3.0
Dodging        | |  2.0
Stealth        | |  2.6
Transmutations | |  1.0

Action                   |  1- 3 |  4- 6 || total
-------------------------+-------+-------++-------
Melee: Short sword       |    63 |    61 ||   124
       Constrict         |    15 |    18 ||    33
       Tentacles         |     4 |     8 ||    12
 Cast: Sandblast         |     9 |     8 ||    17
  Use: Potion            |       |     3 ||     3
 Stab: Sleeping          |     8 |    13 ||    21
Armor: Skin              |     4 |     3 ||     7
Dodge: Dodged            |    49 |    27 ||    76
Block: Other             |       |     6 ||     6
